AoeStats
← PM-ent

Black Forest

505288918Analyzed
3v3 RM · 23d ago on Sep 8, 2026· 41m 31s· 6 players
Game mode
Random Map
Map size
Normal (6 player)
Population
200
Speed
Normal
Resources
Standard
Victory
Conquest
Starting age
Dark Age
Ending age
Imperial Age
RankedLock teamsTeams togetherTeam positionsShared explorationLock speedFull tech treeHidden civsTurbo modeCheats
Victory
Defeat
🇨🇿 Britons · Czechia
1220
+14
🇨🇿 Turks · Czechia
1209
+14
🇨🇿 Khmer · Czechia
1177
+15
🇨🇴 Teutons · Colombia
1197
-16
🇬🇷 Celts · Greece
1164
-14
🇷🇺 Inca · Russia
1142
-13
fotolithos
2:47 Loom
12:53 Feudal Age
14:51 Double-Bit Axe
19:38 Castle Age
17:42 Stone Mining
18:19 Gold Mining
19:15 Fishing Lines
21:33 Bow Saw
22:13 Pikeman
28:08 Wheelbarrow
27:30 Gillnets
31:54 Imperial Age
31:14 Hand Cart
31:20 Horse Collar
33:13 Halberdier
40:19 Heavy Plow
Harkonnen
1:08 Loom
12:22 Feudal Age
16:35 Castle Age
22:57 Double-Bit Axe
23:13 Horse Collar
23:53 Gold Mining
23:54 Stone Mining
25:02 Wheelbarrow
24:27 Fishing Lines
31:17 Imperial Age
29:33 Town Watch
29:52 Champi Runner
30:33 Squires
30:18 Arson
31:14 Champi Warrior
32:09 Forging
32:00 Scale Mail Armor
33:31 Iron Casting
32:47 Fletching
33:33 Ballistics
34:06 Heavy Plow
34:16 Bow Saw
34:42 Gold Shaft Mining
34:43 Stone Shaft Mining
34:16 Elite Champi Warrior
36:28 Blast Furnace
35:44 Chain Mail Armor
35:29 Bodkin Arrow
36:38 Bodkin Arrow
38:37 Plate Mail Armor
37:50 Elite Kamayuk
40:24 Masonry
Patroclo
3:04 Loom
10:32 Feudal Age
11:02 Double-Bit Axe
11:11 Stone Mining
12:42 Town Watch
15:40 Fletching
20:31 Wheelbarrow
26:30 Castle Age
27:32 Hand Cart
27:55 Bow Saw
28:47 Horse Collar
32:41 Imperial Age
30:28 Bodkin Arrow
32:10 Gold Mining
32:28 Heavy Plow
34:02 Conscription
34:54 Chemistry
35:07 Two-Man Saw
35:35 Crenellations
36:20 Crop Rotation
37:11 Arson
37:26 Squires
37:12 Gambesons
36:47 Pikeman
38:28 Scale Mail Armor
38:38 Forging
39:02 Elite Teutonic Knight
40:05 Padded Archer Armor
40:19 Masonry
40:09 Elite Skirmisher
41:48 Leather Archer Armor
PM-ent
1:00 Loom
12:26 Feudal Age
13:20 Double-Bit Axe
14:14 Wheelbarrow
18:06 Gold Mining
20:23 Castle Age
18:39 Stone Mining
20:07 Fletching
20:17 Padded Archer Armor
22:57 Bodkin Arrow
23:17 Leather Archer Armor
23:14 Fishing Lines
24:25 Bow Saw
26:43 Gold Shaft Mining
26:34 Ballistics
26:49 Pikeman
27:30 Squires
27:32 Scale Mail Armor
28:09 Horse Collar
28:30 Crossbowman
29:29 Heavy Plow
30:50 Forging
30:55 Chain Mail Armor
33:25 Imperial Age
31:39 Man-at-Arms
32:04 Gambesons
32:18 Arson
32:37 Long Swordsman
34:24 Iron Casting
34:48 Plate Mail Armor
34:48 Ring Archer Armor
34:19 Bracer
33:40 Two-Handed Swordsman
34:10 Halberdier
34:51 Champion
36:20 Conscription
37:23 Chemistry
39:11 Elite Longbowman
40:53 Coinage
41:25 Blast Furnace
Drawelt
7:39 Loom
10:51 Feudal Age
14:25 Castle Age
15:18 Double-Bit Axe
18:33 Horse Collar
24:13 Ballistics
25:59 Husbandry
27:45 Bow Saw
28:17 Scale Barding Armor
30:21 Heavy Plow
31:57 Wheelbarrow
32:26 Light Cavalry
33:19 Bloodlines
33:21 Forging
36:42 Imperial Age
36:34 Gold Mining
37:09 Chain Barding Armor
36:47 Heavy Scorpion
36:48 Hussar
39:12 Siege Engineers
40:43 Chemistry
tompetvald
13:22 Feudal Age
14:41 Loom
21:34 Castle Age
21:42 Double-Bit Axe
22:43 Fishing Lines
27:12 Fletching
27:23 Padded Archer Armor
32:53 Imperial Age
31:20 Leather Archer Armor
31:58 Wheelbarrow
31:34 Gillnets
34:11 Hand Cart
39:25 Conscription
39:12 Artillery
40:38 Hoardings
Connection lost

Rejoining the realm…

Still unreachable

The connection could not be restored.

Session expired

The server has moved on; the page needs a fresh start.